 Dungeon Crawl Stone Soup version 0.21-a0-216-g6d3fd91 (webtiles) character file.

32 Ijustatesigmund the Skirmisher (level 3, 27/29 HPs)
             Began as a Minotaur Fighter on Aug 23, 2017.
             Quit the game on level 2 of the Dungeon.
             The game lasted 00:01:37 (698 turns).

Ijustatesigmund the Skirmisher (Minotaur Fighter)    Turns: 698, Time: 00:01:37

Health: 27/29      AC:  4    Str: 20    XL:     3   Next: 8%
Magic:  2/2        EV:  8    Int:  7    God:
Gold:   39         SH:  9    Dex: 10    Spells: 2/2 levels left

rFire    . . .     SeeInvis .   a - +0 war axe
rCold    . . .     Gourm    .   c - +0 shield
rNeg     . . .     Faith    .   b - -2 leather armour (curse)
rPois    .         Spirit   .   (helmet restricted)
rElec    .         Reflect  .   e - +2 cloak
rCorr    .         Harm     .   (no gloves)
MR       .....                  (no boots)
Stlth    +.........             (no amulet)
HPRegen  0.09/turn              (no ring)
MPRegen  0.08/turn              (no ring)

@: no status effects
A: retaliatory headbutt, horns 2, clever 1, frail 1
a: no special abilities


You were on level 2 of the Dungeon.
You were not hungry.

You visited 1 branch of the dungeon, and saw 2 of its levels.

You collected 39 gold pieces.

Inventory:

Hand Weapons
 a - a +0 war axe (weapon)
Armour
 b - a cursed -2 leather armour (worn)
 c - a +0 shield (worn)
 e - a +2 cloak (worn)
 i - a +0 scale mail
Potions
 d - a potion of might
 j - a potion of magic
 l - a potion of cancellation {unknown}
Comestibles
 f - 2 bread rations
 g - 2 meat rations


   Skills:
 + Level 4.1 Fighting
 * Level 3.9 Axes
 - Level 3.6 Armour
 - Level 3.6 Shields


You had 2 spell levels left.
You didn't know any spells.

Dungeon Overview and Level Annotations

Branches:
Dungeon (2/15)

Altars:


Innate Abilities, Weirdness & Mutations

You reflexively headbutt those who attack you in melee.
You have a pair of horns on your head.
Your mind is acute. (Int +2)
You are frail. (-10% HP)


Message History

You kill the frilled lizard!
No target in view!
No target in view!
No target in view!
No target in view!
No target in view!
No target in view!
No target in view!
No target in view!
No target in view!
No target in view!
No target in view!
As you read the scroll labeled IMEINA GOCS, it crumbles to dust.
It is a scroll of identify.
j - a potion of magic
As you read the scroll of identify, it crumbles to dust.
k - a potion of mutation You feel extremely strange.
You feel frail.
You feel clever.
Are you sure you want to abandon this character and quit the game? (Confirm with "yes".)

#...≈≈≈≈#≈≈#...
#...###≈≈##≈..
#.....##≈≈....
#.............
######.#######
#.#######+##
#...........
###.........
#.@.......
#...<.....
#.........
#######+##


There were no monsters in sight!

Vanquished Creatures
  An adder (D:2)
  A worm (D:2)
  A bat (D:1)
  A giant cockroach (D:1)
  7 goblins (D:1)
  3 hobgoblins (D:1)
  2 kobolds (D:1)
  A ball python (D:1)
  A frilled lizard (D:2)
  A rat (D:2)
19 creatures vanquished.

Notes
Turn   | Place    | Note
-------+----------+-------------------------------------------
     0 | D:1      | Ijustatesigmund the Minotaur Fighter began the quest for the Orb.
     0 | D:1      | Reached XP level 1. HP: 19/19 MP: 0/0
   148 | D:1      | Reached XP level 2. HP: 27/27 MP: 1/1
   667 | D:2      | Reached skill level 4 in Fighting
   667 | D:2      | Reached XP level 3. HP: 23/33 MP: 2/2
   697 | D:2      | Gained mutation: You are frail. (-10% HP) [potion of mutation]
   697 | D:2      | Gained mutation: Your mind is acute. (Int +2) [potion of mutation]
   698 | D:2      | Quit the game

Vault maps used:
D:1:      lightli_arrival_maybe_door_vault
D:2:      nicolae_overflow_crystal_walls, grunt_temple_overflow_open,
          first_bread, minivault_4, uniq_natasha

Skill      XL: |  1  2 |
---------------+-------+-----
Axes           | 3 |  3.9
Fighting       | 4 |  4.1
Armour         | |  3.6
Shields        | |  3.6

Action                   || total
-------------------------++-------
Melee: War axe           ||    31
       Headbutt          ||     7
  Use: Scroll            ||     3
       Potion            ||     1
Armor: Scale mail        ||     3
       Leather armour    ||     5
Dodge: Dodged            ||    10
Block: Shield            ||    17

Table legend:
 A = Spawn XP
 B = Non-spawn XP
 C = Spawn XP percentage of total XP
 D = Spawn monster count
 E = Non-spawn monster count
 F = Spawn count percentage of total count
 G = Total turns spent on level
                    A         B        C        D         E        F      G
               +---------+---------+-------+---------+---------+-------+---------
         Total |       4 |      42 |   8.7 |       3 |      16 |  15.8 |   698
               +---------+---------+-------+---------+---------+-------+---------
           D:1 |       4 |      22 |  15.4 |       3 |      12 |  20.0 |   609
           D:2 |       0 |      20 |   0.0 |       0 |       4 |   0.0 |    89
               +---------+---------+-------+---------+---------+-------+---------
